Lightning vs Islanders

Created - 10 janvier 2024 at 11:38

Goals
1 2 3 T
Lightning 4 1 0 5
Islanders 0 1 1 2
Shots
1 2 3 T
Lightning 9 13 14 36
Islanders 7 3 11 21

GoalsPenalties
1st period
1. Lightning , Radim Simek 2 (Derick Brassard 20, David Krejci 14) at 0:20
2. Lightning , Patric Hornqvist 13 (Robert Hagg 19) at 14:29
3. Lightning , Aliaksei Protas 2 (Patric Hornqvist 18) at 17:01
4. Lightning , Nicolas Aube-Kubel 14 (Tyler Motte 22) at 18:42
Derek Grant (TAM) for Hooking (Minor) at 5:45
2nd period
5. Lightning , Jakob Silfverberg 25 (Derek Grant 12, Tyler Motte 23) at 17:10
6. Islanders , Josh Bailey 4 (Mike Hoffman 11, Brock McGinn 13) at 19:13 (PP)
Brock McGinn (NYI) for Fighting (Major) at 2:22
Ben Harpur (TAM) for Fighting (Major) at 2:22
Andrej Sustr (TAM) for Roughing (Minor) at 7:26
Christian Wolanin (NYI) for Fighting (Major) at 15:09
Alex Goligoski (TAM) for Fighting (Major) at 15:09
Caleb Jones (NYI) for Fighting (Major) at 15:12
Vladislav Namestnikov (TAM) for Fighting (Major) at 15:12
Kyle Burroughs (NYI) for Fighting (Major) at 17:06
Radim Simek (TAM) for Fighting (Major) at 17:06
Nicolas Meloche (NYI) for Fighting (Major) at 18:09
Jansen Harkins (TAM) for Fighting (Major) at 18:09
Milan Lucic (NYI) for Fighting (Major) at 18:55
Stefan Noesen (TAM) for Fighting (Major) at 18:55
Stefan Noesen (TAM) for instigated a fight (Minor) at 18:55
Stefan Noesen (TAM) for instigated a fight (10 Minutes Misconduct) at 18:55
3rd period
7. Islanders , Jakub Voracek 4 (Milan Lucic 12, Rasmus Kupari 7) at 7:15 (PP)
Derick Brassard (TAM) for Roughing (Minor) at 6:41
Caleb Jones (NYI) for Slashing (Minor) at 7:18
Nicolas Meloche (NYI) for High sticking (Minor) at 19:37
Goalie Stats
Jack Campbell (TAM), 19 saves from 21 shots - (0,905), W, 24-17-6, 60:00 minutes
Chris Driedger (NYI), 31 saves from 36 shots - (0,861), L, 2-20-1, 60:00 minutes
3 StarsOfficial
1 - Patric Hornqvist (TAM)
2 - Tyler Motte (TAM)
3 - Robert Hagg (TAM)
Referees : Carter Sandlak and Kendrick Nicholson
Linesman : James Tobias and Jackie Spresser
Game Note
Brock McGinn and Ben Harpur fight to a draw at 2:22 of 2nd period
Christian Wolanin beats up Alex Goligoski at 15:09 of 2nd period
Caleb Jones and Vladislav Namestnikov fight to a draw at 15:12 of 2nd period
Kyle Burroughs and Radim Simek fight to a draw at 17:06 of 2nd period
Nicolas Meloche and Jansen Harkins fight to a draw at 18:09 of 2nd period
Milan Lucic beats up Stefan Noesen at 18:55 of 2nd period
Finance
Level 1 -- Attendance: 4362 (73%) -- Ticket Income $436,200
Level 2 -- Attendance: 3617 (72%) -- Ticket Income $217,020
Level 3 -- Attendance: 2000 (100%) -- Ticket Income $70,000
Level 4 -- Attendance: 2234 (100%) -- Ticket Income $44,680
Luxury Box -- Attendance: 1000 (100%) -- Ticket Income $200,000
Game was played at the Nassau Veterans Memorial.
Total Attendance: 13213 (81%)
Total Ticket Income: $967,900
Other Income: $290,370
Total Income: $1,258,270



Team Name Goals Shots Shots Attemp Shots Blocked PIM HIT PP PK FO%
Lightning 536601248320 / 2 (0%)262%
Islanders 22146934152 / 4 (50%)038%

Lightning
Player Name POS G A P +/- PIM HIT SHT SB MP PP MP PP SHT PK MP PK SHT FO% FOT GA TA
Alex GoligoskiD0001530222:371:3002:4400% 001
Aliaksei ProtasLW/RW101201109:090:0000:0000% 010
Andrej SustrD0001220116:110:0000:1800% 000
Ben HarpurD0002530117:450:4501:4800% 000
Darren HelmC/LW/RW0001010010:230:0000:00050% 400
David KrejciC0111003017:050:5501:24070% 1000
Derek GrantC/LW0111227121:531:2601:4900% 200
Derick BrassardC/LW0111212015:400:5500:000100% 100
Jakob SilfverbergLW/RW1011025020:341:2600:5900% 010
Jansen HarkinsC/LW000250208:050:0000:00050% 201
Mike ReillyD0002020119:070:2400:0000% 002
Nicolas Aube-KubelRW1011013012:280:0000:0000% 000
Patric HornqvistRW1122014010:440:0001:230100% 100
Radim SimekD1012521217:480:4501:4800% 012
Robert HaggD0112052126:541:3613:0200% 000
Stefan NoesenLW/RW00011713111:300:0000:12050% 200
Tyler MotteLW/RW0222031117:300:3701:18071% 702
Vladislav NamestnikovC/LW/RW0000522119:381:2602:35062% 2600
Islanders
Player Name POS G A P +/- PIM HIT SHT SB MP PP MP PP SHT PK MP PK SHT FO% FOT GA TA
Brock McGinnLW/RW011-2510019:022:4201:2200% 000
Caleb JonesD0000700223:182:4800:2200% 010
Christian WolaninD0000532014:270:0000:4300% 000
Filip ZadinaLW/RW000-1003011:220:0000:0000% 100
Jakub VoracekLW/RW101-2002017:562:0810:0000% 010
Josh ArchibaldLW/RW0000030113:391:4400:0000% 010
Josh BaileyLW/RW101-2001120:512:4211:22051% 3500
Kyle BurroughsD000-4500017:421:4401:0500% 001
Mike HoffmanLW011-2004019:543:0610:1900% 130
Milan LucicLW/RW011-2535216:342:0810:4000% 000
Nicklas BackstromC000-2001018:432:4200:19022% 900
Nicolas MelocheD000-4720013:460:0000:1100% 000
Ondrej KaseRW0000010211:370:0000:0000% 100
Rasmus AsplundC/LW000-100109:160:0000:0000% 510
Rasmus KupariC/LW/RW0110021014:552:0800:40033% 301
Robert BortuzzoD000-1001126:340:1801:3800% 011
Simon HolmstromRW000-100009:110:0000:0000% 000
Will ButcherD000-1000018:440:0000:4300% 000

Lightning

5 vs 5 Forward
Line #Left WingCenterRight WingPHYDFOFWanted %Time %Time Play
1Derek GrantVladislav NamestnikovJakob Silfverberg1134035%18:31
2Derick BrassardDavid KrejciStefan Noesen1133028%14:46
3Tyler MotteDarren HelmNicolas Aube-Kubel1132020%10:23
4Aliaksei ProtasJansen HarkinsPatric Hornqvist1221017%9:09
5 vs 5 Defense
Line #DefenseDefensePHYDFOFWanted %Time %Time Play
1Alex GoligoskiRobert Hagg1224036%18:57
2Ben HarpurRadim Simek1223033%17:35
3Mike ReillyAndrej Sustr1222025%12:58
4Alex GoligoskiRobert Hagg122106%3:19
Power Play Forward
Line #Left WingCenterRight WingPHYDFOFWanted %Time %Time Play
1Derek GrantVladislav NamestnikovJakob Silfverberg1046061%1:26
2Derick BrassardDavid KrejciAlex Goligoski1044039%0:55
Power Play Defense
Line #DefenseDefensePHYDFOFWanted %Time %Time Play
1Alex GoligoskiRobert Hagg1136068%1:36
2Ben HarpurRadim Simek1134032%0:45
Penalty Kill 4 Players Forward
Line #CenterWingPHYDFOFWanted %Time %Time Play
1Vladislav NamestnikovDerek Grant1226080%3:51
2David KrejciJakob Silfverberg1224020%0:59
Penalty Kill 4 Players Defense
Line #DefenseDefensePHYDFOFWanted %Time %Time Play
1Alex GoligoskiRobert Hagg1316063%3:02
2Ben HarpurRadim Simek1314037%1:48
Penalty Kill 3 Players
Line #WingPHYDFOFWanted %Time %Time PlayDefenseDefensePHYDFOFWanted %Time %Time Play
1Vladislav Namestnikov122600%0:00 Alex GoligoskiRobert Hagg122600%0:00
2Derek Grant122400%0:00 Ben HarpurRadim Simek122400%0:00
4 vs 4 Forward
Line #CenterWingPHYDFOFWanted %Time %Time Play
1Vladislav NamestnikovDerek Grant122600%0:00
2David KrejciJakob Silfverberg122400%0:00
4 vs 4 Defense
Line #DefensePHYDFOFWanted %Time %Time Play
1Alex GoligoskiRobert Hagg122600%0:00
2Ben HarpurRadim Simek122400%0:00
Last Minutes Offensive
Left WingCenterRight WingDefenseDefense
Derek GrantVladislav NamestnikovJakob SilfverbergAlex GoligoskiRobert Hagg
Last Minutes Defensive
Left WingCenterRight WingDefenseDefense
Derek GrantVladislav NamestnikovJakob SilfverbergAlex GoligoskiRobert Hagg
Time
Total ForwardTotal DefenseLast Minutes OffensiveLast Minutes Defensive
60:00 60:00 0:000:00
Extra Forwards
Normal PowerPlayPenalty Kill
Tyler Motte, Nicolas Aube-Kubel, Patric HornqvistTyler Motte, Nicolas Aube-KubelPatric Hornqvist
Extra Defensemen
Normal PowerPlayPenalty Kill
Mike Reilly, Andrej Sustr, Ben HarpurMike Reilly, Andrej SustrBen Harpur
Penalty Shots
Vladislav Namestnikov, Derek Grant, David Krejci, Jakob Silfverberg, Derick Brassard
Goalie
Jack Campbell, Sam Montembeault
Scratches
Michael Mersch (Healthy), Connor Carrick (Healthy)

Islanders

5 vs 5 Forward
Line #Left WingCenterRight WingPHYDFOFWanted %Time %Time Play
1Mike HoffmanJosh BaileyBrock McGinn1224031%16:34
2Jakub VoracekNicklas BackstromMilan Lucic0233029%15:27
3Josh ArchibaldRasmus KupariOndrej Kase2212022%11:37
4Simon HolmstromRasmus AsplundFilip Zadina0231017%9:11
5 vs 5 Defense
Line #DefenseDefensePHYDFOFWanted %Time %Time Play
1Robert BortuzzoCaleb Jones2304040%21:14
2Kyle BurroughsNicolas Meloche2303033%17:15
3Will ButcherChristian Wolanin2302526%13:44
4Robert BortuzzoCaleb Jones32051%0:36
Power Play Forward
Line #Left WingCenterRight WingPHYDFOFWanted %Time %Time Play
1Josh BaileyNicklas BackstromBrock McGinn0056056%2:42
2Jakub VoracekRasmus KupariMilan Lucic0054044%2:08
Power Play Defense
Line #DefenseDefensePHYDFOFWanted %Time %Time Play
1Mike HoffmanCaleb Jones0056064%3:06
2Josh ArchibaldKyle Burroughs0054036%1:44
Penalty Kill 4 Players Forward
Line #CenterWingPHYDFOFWanted %Time %Time Play
1Josh BaileyBrock McGinn0505572%1:41
2Rasmus KupariMilan Lucic0504528%0:40
Penalty Kill 4 Players Defense
Line #DefenseDefensePHYDFOFWanted %Time %Time Play
1Robert BortuzzoCaleb Jones05055100%2:21
2Kyle BurroughsNicolas Meloche050450%0:00
Penalty Kill 3 Players
Line #WingPHYDFOFWanted %Time %Time PlayDefenseDefensePHYDFOFWanted %Time %Time Play
1Brock McGinn050500%0:00 Robert BortuzzoCaleb Jones050500%0:00
2Rasmus Kupari050500%0:00 Kyle BurroughsNicolas Meloche050500%0:00
4 vs 4 Forward
Line #CenterWingPHYDFOFWanted %Time %Time Play
1Nicklas BackstromJosh Bailey131650%0:00
2Rasmus KupariBrock McGinn221350%0:00
4 vs 4 Defense
Line #DefensePHYDFOFWanted %Time %Time Play
1Robert BortuzzoCaleb Jones230650%0:00
2Kyle BurroughsNicolas Meloche140350%0:00
Last Minutes Offensive
Left WingCenterRight WingDefenseDefense
Josh BaileyNicklas BackstromBrock McGinnMike HoffmanCaleb Jones
Last Minutes Defensive
Left WingCenterRight WingDefenseDefense
Josh BaileyRasmus KupariBrock McGinnRobert BortuzzoCaleb Jones
Time
Total ForwardTotal DefenseLast Minutes OffensiveLast Minutes Defensive
60:00 60:00 0:000:00
Extra Forwards
Normal PowerPlayPenalty Kill
Filip Zadina, Rasmus Kupari, Josh BaileyFilip Zadina, Mike HoffmanMilan Lucic
Extra Defensemen
Normal PowerPlayPenalty Kill
Kyle Burroughs, Caleb Jones, Robert BortuzzoRobert Bortuzzo, Kyle BurroughsCaleb Jones
Penalty Shots
Josh Bailey, Mike Hoffman, Brock McGinn, Caleb Jones, Filip Zadina
Goalie
Chris Driedger, Mike Smith
Scratches
Dylan Coghlan (Torn Left ACL Injury), Carl Hagelin (Healthy), Rocco Grimaldi (Healthy)


Play-by-Play

1st period


0:01 of 1st period - Josh Bailey wins face-off versus Vladislav Namestnikov in neutral zone.
0:06 of 1st period - Wrist shot by Brock McGinn.
0:06 of 1st period - Shot Misses the Net.
0:16 of 1st period - Snap shot by Derek Grant.
0:16 of 1st period - Stopped by Chris Driedger without a rebound.
0:17 of 1st period - David Krejci wins face-off versus Nicklas Backstrom in Islanders zone.
0:18 of 1st period - Wrist shot by Derick Brassard.
0:18 of 1st period - Stopped by Chris Driedger with a rebound.
0:20 of 1st period - Wrist shot by Radim Simek.
0:20 of 1st period - Goal by Radim Simek - Lightning : 1 - Islanders : 0.
0:21 of 1st period - Rasmus Kupari wins face-off versus Darren Helm in neutral zone.
0:32 of 1st period - Slapshot by Josh Archibald.
0:32 of 1st period - Shot Misses the Net.
0:48 of 1st period - Milan Lucic is hit by Derick Brassard and loses puck.
1:54 of 1st period - Snap shot by Tyler Motte.
1:54 of 1st period - Stopped by Chris Driedger with a rebound.
1:56 of 1st period - Snap shot by Nicolas Aube-Kubel.
1:56 of 1st period - Stopped by Chris Driedger without a rebound.
1:57 of 1st period - Vladislav Namestnikov wins face-off versus Ondrej Kase in Islanders zone.
2:49 of 1st period - Off-side.
2:50 of 1st period - Josh Bailey wins face-off versus David Krejci in neutral zone.
3:04 of 1st period - Robert Bortuzzo is hit by Ben Harpur and loses puck.
4:05 of 1st period - Christian Wolanin is hit by Andrej Sustr.
4:08 of 1st period - Off-side.
4:09 of 1st period - Josh Bailey wins face-off versus David Krejci in neutral zone.
4:24 of 1st period - Snap shot by Mike Hoffman.
4:24 of 1st period - Stopped by Jack Campbell without a rebound.
4:25 of 1st period - Nicklas Backstrom wins face-off versus Vladislav Namestnikov in Lightning zone.
5:10 of 1st period - Snap shot by Nicklas Backstrom.
5:10 of 1st period - Shot Misses the Net.
5:12 of 1st period - Backhand shot by Will Butcher.
5:12 of 1st period - Shot Blocked by Tyler Motte.
5:14 of 1st period - Backhand shot by Jakub Voracek.
5:14 of 1st period - Stopped by Jack Campbell without a rebound.
5:15 of 1st period - David Krejci wins face-off versus Josh Bailey in Lightning zone.
5:24 of 1st period - Wrist shot by Josh Bailey.
5:24 of 1st period - Shot Misses the Net.
5:26 of 1st period - Slapshot by Caleb Jones.
5:26 of 1st period - Shot Blocked by Ben Harpur.
5:45 of 1st period - Minor Penalty to Derek Grant for Hooking.
5:46 of 1st period - Vladislav Namestnikov wins face-off versus Nicklas Backstrom in Lightning zone.
5:54 of 1st period - Slapshot by Mike Hoffman.
5:54 of 1st period - Stopped by Jack Campbell with a rebound.
5:56 of 1st period - Snap shot by Brock McGinn.
5:56 of 1st period - Shot Hit the Post.
6:12 of 1st period - Milan Lucic is hit by Robert Hagg and loses puck.
7:45 of 1st period - Penalty to Derek Grant is over, Derek Grant is back on ice.
9:04 of 1st period - David Krejci is hit by Josh Archibald and loses puck.
10:06 of 1st period - Will Butcher is hit by Vladislav Namestnikov and loses puck.
10:19 of 1st period - Will Butcher is hit by Robert Hagg and loses puck.
10:28 of 1st period - Christian Wolanin is hit by Ben Harpur.
10:55 of 1st period - Off-side.
10:56 of 1st period - Josh Bailey wins face-off versus Stefan Noesen in neutral zone.
10:59 of 1st period - Wrist shot by Mike Hoffman.
10:59 of 1st period - Shot Blocked by Radim Simek.
11:53 of 1st period - Wrist shot by Rasmus Asplund.
11:53 of 1st period - Shot Misses the Net.
12:39 of 1st period - Off-side.
12:40 of 1st period - Vladislav Namestnikov wins face-off versus Rasmus Kupari in neutral zone.
13:29 of 1st period - David Krejci is hit by Christian Wolanin and loses puck.
13:46 of 1st period - Will Butcher is hit by Darren Helm and loses puck.
14:13 of 1st period - Slapshot by Rasmus Asplund.
14:13 of 1st period - Stopped by Jack Campbell with a rebound.
14:29 of 1st period - Snap shot by Patric Hornqvist.
14:29 of 1st period - Goal by Patric Hornqvist - Lightning : 2 - Islanders : 0.
14:30 of 1st period - Vladislav Namestnikov wins face-off versus Josh Bailey in neutral zone.
14:33 of 1st period - Robert Bortuzzo is hit by Vladislav Namestnikov and loses puck.
15:05 of 1st period - Wrist shot by Milan Lucic.
15:05 of 1st period - Stopped by Jack Campbell with a rebound.
15:07 of 1st period - Slapshot by Kyle Burroughs.
15:07 of 1st period - Shot Blocked by Robert Hagg.
15:23 of 1st period - Snap shot by Filip Zadina.
15:23 of 1st period - Stopped by Jack Campbell without a rebound.
15:24 of 1st period - Darren Helm wins face-off versus Rasmus Asplund in Lightning zone.
15:31 of 1st period - Rasmus Asplund is hit by Tyler Motte and loses puck.
15:46 of 1st period - Wrist shot by Rasmus Asplund.
15:46 of 1st period - Shot Misses the Net.
15:48 of 1st period - Slapshot by Christian Wolanin.
15:48 of 1st period - Stopped by Jack Campbell without a rebound.
15:49 of 1st period - Vladislav Namestnikov wins face-off versus Josh Bailey in Lightning zone.
15:54 of 1st period - Wrist shot by Vladislav Namestnikov.
15:54 of 1st period - Shot Misses the Net.
16:16 of 1st period - David Krejci is hit by Milan Lucic and loses puck.
16:56 of 1st period - Filip Zadina is hit by Aliaksei Protas and loses puck.
17:01 of 1st period - Snap shot by Aliaksei Protas.
17:01 of 1st period - Goal by Aliaksei Protas - Lightning : 3 - Islanders : 0.
17:02 of 1st period - Vladislav Namestnikov wins face-off versus Josh Bailey in neutral zone.
17:45 of 1st period - Wrist shot by Brock McGinn.
17:45 of 1st period - Shot Misses the Net.
18:05 of 1st period - Snap shot by Stefan Noesen.
18:05 of 1st period - Stopped by Chris Driedger without a rebound.
18:06 of 1st period - Nicklas Backstrom wins face-off versus Vladislav Namestnikov in Islanders zone.
18:33 of 1st period - Kyle Burroughs is hit by Robert Hagg and loses puck.
18:40 of 1st period - Snap shot by Tyler Motte.
18:40 of 1st period - Shot Misses the Net.
18:42 of 1st period - Slapshot by Nicolas Aube-Kubel.
18:42 of 1st period - Goal by Nicolas Aube-Kubel - Lightning : 4 - Islanders : 0.
18:43 of 1st period - Josh Bailey wins face-off versus Vladislav Namestnikov in neutral zone.
18:43 of 1st period - Mike Hoffman is hit by Alex Goligoski and loses puck.
18:56 of 1st period - Robert Bortuzzo is hit by Jakob Silfverberg and loses puck.
19:09 of 1st period - Caleb Jones is hit by Stefan Noesen and loses puck.
19:22 of 1st period - Backhand shot by David Krejci.
19:22 of 1st period - Shot Blocked by Milan Lucic.
19:32 of 1st period - Darren Helm is hit by Josh Archibald.
19:38 of 1st period - Snap shot by Josh Archibald.
19:38 of 1st period - Shot Blocked by Radim Simek.
19:56 of 1st period - Off-side.
19:57 of 1st period - Jansen Harkins wins face-off versus Josh Bailey in neutral zone.
Goals for this period are 4 for Lightning vs 0 for Islanders.
Shots for this period are 9 for Lightning vs 7 for Islanders.

2nd period


0:01 of 2nd period - Vladislav Namestnikov wins face-off versus Josh Bailey in neutral zone.
0:36 of 2nd period - Snap shot by Stefan Noesen.
0:36 of 2nd period - Shot Blocked by Caleb Jones.
0:38 of 2nd period - Snap shot by Alex Goligoski.
0:38 of 2nd period - Shot Misses the Net.
1:08 of 2nd period - Josh Archibald is hit by Derek Grant and loses puck.
1:35 of 2nd period - Wrist shot by Josh Archibald.
1:35 of 2nd period - Shot Misses the Net.
1:37 of 2nd period - Snap shot by Rasmus Kupari.
1:37 of 2nd period - Stopped by Jack Campbell without a rebound.
1:38 of 2nd period - Josh Bailey wins face-off versus Derek Grant in Lightning zone.
2:04 of 2nd period - Robert Hagg is hit by Milan Lucic and loses puck.
2:13 of 2nd period - Wrist shot by Nicklas Backstrom.
2:13 of 2nd period - Deflect By Derick Brassard.
2:13 of 2nd period - Shot Blocked by Stefan Noesen.
2:13 of 2nd period - Puck is out of play.
2:14 of 2nd period - Josh Bailey wins face-off versus Vladislav Namestnikov in Lightning zone.
2:22 of 2nd period - Brock McGinn and Ben Harpur fight to a draw.
2:22 of 2nd period - Penalty to Brock McGinn for Fighting.
2:22 of 2nd period - Penalty to Ben Harpur for Fighting.
2:23 of 2nd period - Josh Bailey wins face-off versus Vladislav Namestnikov in Lightning zone.
2:36 of 2nd period - Slapshot by Derek Grant.
2:36 of 2nd period - Stopped by Chris Driedger with a rebound.
2:38 of 2nd period - Slapshot by Robert Hagg.
2:38 of 2nd period - Stopped by Chris Driedger with a rebound.
2:40 of 2nd period - Snap shot by Derek Grant.
2:40 of 2nd period - Shot Misses the Net.
2:50 of 2nd period - David Krejci is hit by Milan Lucic.
2:58 of 2nd period - Backhand shot by Milan Lucic.
2:58 of 2nd period - Shot Misses the Net.
3:29 of 2nd period - Snap shot by Tyler Motte.
3:29 of 2nd period - Shot Blocked by Ondrej Kase.
3:31 of 2nd period - Snap shot by Nicolas Aube-Kubel.
3:31 of 2nd period - Shot Misses the Net.
4:02 of 2nd period - Off-side.
4:03 of 2nd period - Vladislav Namestnikov wins face-off versus Josh Bailey in neutral zone.
4:06 of 2nd period - Slapshot by Vladislav Namestnikov.
4:06 of 2nd period - Stopped by Chris Driedger with a rebound.
5:28 of 2nd period - Ondrej Kase is hit by Derek Grant and loses puck.
5:33 of 2nd period - Snap shot by Jakob Silfverberg.
5:33 of 2nd period - Stopped by Chris Driedger with a rebound.
5:35 of 2nd period - Backhand shot by Jakob Silfverberg.
5:35 of 2nd period - Stopped by Chris Driedger with a rebound.
5:37 of 2nd period - Snap shot by Alex Goligoski.
5:37 of 2nd period - Deflect By Jakob Silfverberg.
5:37 of 2nd period - Stopped by Chris Driedger with a rebound.
5:39 of 2nd period - Backhand shot by Alex Goligoski.
5:39 of 2nd period - Shot Misses the Net.
7:26 of 2nd period - Minor Penalty to Andrej Sustr for Roughing.
7:27 of 2nd period - Vladislav Namestnikov wins face-off versus Nicklas Backstrom in Lightning zone.
8:38 of 2nd period - Nicklas Backstrom is hit by Ben Harpur and loses puck.
9:19 of 2nd period - Jakub Voracek is hit by Alex Goligoski.
9:26 of 2nd period - Penalty to Andrej Sustr is over, Andrej Sustr is back on ice.
9:31 of 2nd period - Nicklas Backstrom is hit by Nicolas Aube-Kubel.
9:35 of 2nd period - Nicklas Backstrom is hit by Tyler Motte and loses puck.
10:06 of 2nd period - Simon Holmstrom is hit by Radim Simek and loses puck.
11:22 of 2nd period - Wrist shot by Aliaksei Protas.
11:22 of 2nd period - Shot Blocked by Caleb Jones.
12:20 of 2nd period - Nicolas Meloche is hit by Tyler Motte and loses puck.
12:29 of 2nd period - Wrist shot by Nicolas Aube-Kubel.
12:29 of 2nd period - Shot Blocked by Josh Archibald.
13:30 of 2nd period - Caleb Jones is hit by Mike Reilly and loses puck.
14:06 of 2nd period - Robert Bortuzzo is hit by Robert Hagg and loses puck.
14:34 of 2nd period - Wrist shot by David Krejci.
14:34 of 2nd period - Stopped by Chris Driedger without a rebound.
14:35 of 2nd period - Josh Bailey wins face-off versus Vladislav Namestnikov in Islanders zone.
14:52 of 2nd period - Wrist shot by Mike Hoffman.
14:52 of 2nd period - Shot Blocked by Mike Reilly.
15:06 of 2nd period - Snap shot by Stefan Noesen.
15:06 of 2nd period - Stopped by Chris Driedger without a rebound.
15:07 of 2nd period - David Krejci wins face-off versus Nicklas Backstrom in Islanders zone.
15:09 of 2nd period - Christian Wolanin beats up Alex Goligoski.
15:09 of 2nd period - Penalty to Christian Wolanin for Fighting.
15:09 of 2nd period - Penalty to Alex Goligoski for Fighting.
15:10 of 2nd period - Vladislav Namestnikov wins face-off versus Josh Bailey in Islanders zone.
15:12 of 2nd period - Caleb Jones and Vladislav Namestnikov fight to a draw.
15:12 of 2nd period - Penalty to Caleb Jones for Fighting.
15:12 of 2nd period - Penalty to Vladislav Namestnikov for Fighting.
15:13 of 2nd period - Josh Bailey wins face-off versus Tyler Motte in Islanders zone.
15:44 of 2nd period - Wrist shot by Milan Lucic.
15:44 of 2nd period - Deflect By Jakub Voracek.
15:44 of 2nd period - Shot Misses the Net.
15:44 of 2nd period - Puck is out of play.
15:45 of 2nd period - Tyler Motte wins face-off versus Nicklas Backstrom in Lightning zone.
16:00 of 2nd period - Snap shot by Nicklas Backstrom.
16:00 of 2nd period - Shot Blocked by Derek Grant.
16:02 of 2nd period - Snap shot by Robert Bortuzzo.
16:02 of 2nd period - Stopped by Jack Campbell without a rebound.
16:03 of 2nd period - David Krejci wins face-off versus Josh Bailey in Lightning zone.
16:03 of 2nd period - David Krejci is hit by Brock McGinn.
16:19 of 2nd period - Wrist shot by Stefan Noesen.
16:19 of 2nd period - Shot Blocked by Josh Bailey.
16:55 of 2nd period - Slapshot by Patric Hornqvist.
16:55 of 2nd period - Stopped by Chris Driedger with a rebound.
16:57 of 2nd period - Slapshot by Radim Simek.
16:57 of 2nd period - Shot Blocked by Robert Bortuzzo.
16:59 of 2nd period - Snap shot by Jansen Harkins.
16:59 of 2nd period - Shot Blocked by Ondrej Kase.
17:01 of 2nd period - Wrist shot by Jansen Harkins.
17:01 of 2nd period - Shot Misses the Net.
17:03 of 2nd period - Slapshot by Jansen Harkins.
17:03 of 2nd period - Stopped by Chris Driedger without a rebound.
17:04 of 2nd period - David Krejci wins face-off versus Josh Bailey in Islanders zone.
17:06 of 2nd period - Kyle Burroughs and Radim Simek fight to a draw.
17:06 of 2nd period - Penalty to Kyle Burroughs for Fighting.
17:06 of 2nd period - Penalty to Radim Simek for Fighting.
17:07 of 2nd period - Tyler Motte wins face-off versus Josh Bailey in Islanders zone.
17:08 of 2nd period - Slapshot by Derek Grant.
17:08 of 2nd period - Stopped by Chris Driedger with a rebound.
17:10 of 2nd period - Slapshot by Jakob Silfverberg.
17:10 of 2nd period - Goal by Jakob Silfverberg - Lightning : 5 - Islanders : 0.
17:11 of 2nd period - Tyler Motte wins face-off versus Josh Bailey in neutral zone.
17:46 of 2nd period - Slapshot by Derek Grant.
17:46 of 2nd period - Shot Misses the Net.
17:48 of 2nd period - Wrist shot by Stefan Noesen.
17:48 of 2nd period - Shot Blocked by Milan Lucic.
17:50 of 2nd period - Wrist shot by Derick Brassard.
17:50 of 2nd period - Shot Misses the Net.
18:04 of 2nd period - Snap shot by Patric Hornqvist.
18:04 of 2nd period - Shot Misses the Net.
18:06 of 2nd period - Wrist shot by Jansen Harkins.
18:06 of 2nd period - Stopped by Chris Driedger with a rebound.
18:09 of 2nd period - Nicolas Meloche and Jansen Harkins fight to a draw.
18:09 of 2nd period - Penalty to Nicolas Meloche for Fighting.
18:09 of 2nd period - Penalty to Jansen Harkins for Fighting.
18:10 of 2nd period - Josh Bailey wins face-off versus Derek Grant in Islanders zone.
18:55 of 2nd period - Milan Lucic beats up Stefan Noesen.
18:55 of 2nd period - Penalty to Milan Lucic for Fighting.
18:55 of 2nd period - Penalty to Stefan Noesen for Fighting.
18:55 of 2nd period - Penalty to Stefan Noesen for instigated a fight.
18:55 of 2nd period - Penalty to Stefan Noesen for instigated a fight.
18:56 of 2nd period - Patric Hornqvist wins face-off versus Nicklas Backstrom in Islanders zone.
19:13 of 2nd period - Snap shot by Josh Bailey.
19:13 of 2nd period - Goal by Josh Bailey - Lightning : 5 - Islanders : 1.
19:14 of 2nd period - Josh Bailey wins face-off versus Tyler Motte in neutral zone.
Goals for this period are 1 for Lightning vs 1 for Islanders.
Shots for this period are 13 for Lightning vs 3 for Islanders.

3rd period


0:01 of 3rd period - Tyler Motte wins face-off versus Josh Bailey in neutral zone.
1:20 of 3rd period - Snap shot by Mike Hoffman.
1:20 of 3rd period - Shot Blocked by Andrej Sustr.
1:51 of 3rd period - Off-side.
1:52 of 3rd period - Tyler Motte wins face-off versus Rasmus Asplund in neutral zone.
2:03 of 3rd period - Snap shot by Filip Zadina.
2:03 of 3rd period - Stopped by Jack Campbell with a rebound.
2:15 of 3rd period - Snap shot by Brock McGinn.
2:15 of 3rd period - Shot Blocked by Vladislav Namestnikov.
4:04 of 3rd period - Off-side.
4:05 of 3rd period - Darren Helm wins face-off versus Rasmus Asplund in neutral zone.
4:14 of 3rd period - Icing by Nicolas Meloche.
4:15 of 3rd period - Vladislav Namestnikov wins face-off versus Filip Zadina in Islanders zone.
4:32 of 3rd period - Snap shot by Rasmus Asplund.
4:32 of 3rd period - Deflect By Filip Zadina.
4:32 of 3rd period - Shot Misses the Net.
4:32 of 3rd period - Puck is out of play.
4:33 of 3rd period - Josh Bailey wins face-off versus David Krejci in Lightning zone.
5:12 of 3rd period - Snap shot by Milan Lucic.
5:12 of 3rd period - Stopped by Jack Campbell with a rebound.
5:14 of 3rd period - Slapshot by Milan Lucic.
5:14 of 3rd period - Stopped by Jack Campbell with a rebound.
5:57 of 3rd period - Andrej Sustr is hit by Christian Wolanin and loses puck.
6:14 of 3rd period - Snap shot by David Krejci.
6:14 of 3rd period - Stopped by Chris Driedger without a rebound.
6:15 of 3rd period - Vladislav Namestnikov wins face-off versus Josh Bailey in Islanders zone.
6:18 of 3rd period - Snap shot by Vladislav Namestnikov.
6:18 of 3rd period - Stopped by Chris Driedger with a rebound.
6:20 of 3rd period - Wrist shot by Jakob Silfverberg.
6:20 of 3rd period - Stopped by Chris Driedger with a rebound.
6:41 of 3rd period - Minor Penalty to Derick Brassard for Roughing.
6:42 of 3rd period - Vladislav Namestnikov wins face-off versus Nicklas Backstrom in Lightning zone.
7:08 of 3rd period - Robert Hagg is hit by Rasmus Kupari and loses puck.
7:13 of 3rd period - Wrist shot by Milan Lucic.
7:13 of 3rd period - Stopped by Jack Campbell with a rebound.
7:15 of 3rd period - Wrist shot by Jakub Voracek.
7:15 of 3rd period - Goal by Jakub Voracek - Lightning : 5 - Islanders : 2.
7:16 of 3rd period - Derick Brassard wins face-off versus Mike Hoffman in neutral zone.
7:18 of 3rd period - Minor Penalty to Caleb Jones for Slashing.
7:19 of 3rd period - Vladislav Namestnikov wins face-off versus Josh Bailey in Islanders zone.
7:54 of 3rd period - Wrist shot by David Krejci.
7:54 of 3rd period - Shot Misses the Net.
7:56 of 3rd period - Slapshot by Robert Hagg.
7:56 of 3rd period - Stopped by Chris Driedger with a rebound.
9:18 of 3rd period - Penalty to Caleb Jones is over, Caleb Jones is back on ice.
9:42 of 3rd period - Snap shot by Patric Hornqvist.
9:42 of 3rd period - Stopped by Chris Driedger with a rebound.
9:58 of 3rd period - Nicolas Meloche is hit by Radim Simek and loses puck.
10:25 of 3rd period - Will Butcher is hit by Patric Hornqvist and loses puck.
10:36 of 3rd period - David Krejci is hit by Josh Archibald and loses puck.
11:03 of 3rd period - Caleb Jones is hit by Robert Hagg and loses puck.
11:55 of 3rd period - Ben Harpur is hit by Nicolas Meloche and loses puck.
12:14 of 3rd period - Ben Harpur is hit by Nicolas Meloche and loses puck.
12:21 of 3rd period - Alex Goligoski is hit by Rasmus Kupari and loses puck.
13:30 of 3rd period - Slapshot by Milan Lucic.
13:30 of 3rd period - Stopped by Jack Campbell without a rebound.
13:31 of 3rd period - Josh Bailey wins face-off versus Darren Helm in Lightning zone.
13:42 of 3rd period - Backhand shot by Mike Hoffman.
13:42 of 3rd period - Shot Misses the Net.
13:44 of 3rd period - Slapshot by Christian Wolanin.
13:44 of 3rd period - Stopped by Jack Campbell with a rebound.
13:55 of 3rd period - 10 Minutes Misconduct Penalty to Stefan Noesen is over.
14:21 of 3rd period - Robert Hagg is hit by Ondrej Kase and loses puck.
14:30 of 3rd period - Wrist shot by Derek Grant.
14:30 of 3rd period - Stopped by Chris Driedger with a rebound.
14:32 of 3rd period - Wrist shot by Vladislav Namestnikov.
14:32 of 3rd period - Shot Misses the Net.
14:34 of 3rd period - Snap shot by Derek Grant.
14:34 of 3rd period - Stopped by Chris Driedger without a rebound.
14:35 of 3rd period - David Krejci wins face-off versus Rasmus Asplund in Islanders zone.
14:36 of 3rd period - Wrist shot by Stefan Noesen.
14:36 of 3rd period - Deflect By David Krejci.
14:36 of 3rd period - Shot Misses the Net.
14:36 of 3rd period - Puck is out of play.
14:37 of 3rd period - Stefan Noesen wins face-off versus Rasmus Asplund in Islanders zone.
14:38 of 3rd period - Snap shot by David Krejci.
14:38 of 3rd period - Shot Hit the Post.
14:51 of 3rd period - Wrist shot by Filip Zadina.
14:51 of 3rd period - Stopped by Jack Campbell without a rebound.
14:52 of 3rd period - Vladislav Namestnikov wins face-off versus Josh Bailey in Lightning zone.
14:59 of 3rd period - Mike Hoffman is hit by Alex Goligoski and loses puck.
15:45 of 3rd period - Slapshot by Nicolas Aube-Kubel.
15:45 of 3rd period - Stopped by Chris Driedger without a rebound.
15:46 of 3rd period - Vladislav Namestnikov wins face-off versus Rasmus Kupari in Islanders zone.
15:51 of 3rd period - Wrist shot by Derek Grant.
15:51 of 3rd period - Stopped by Chris Driedger with a rebound.
16:05 of 3rd period - Ondrej Kase is hit by Jakob Silfverberg and loses puck.
16:21 of 3rd period - Slapshot by Derek Grant.
16:21 of 3rd period - Stopped by Chris Driedger without a rebound.
16:22 of 3rd period - David Krejci wins face-off versus Josh Bailey in Islanders zone.
16:23 of 3rd period - Backhand shot by Stefan Noesen.
16:23 of 3rd period - Shot Misses the Net.
16:34 of 3rd period - Slapshot by Mike Reilly.
16:34 of 3rd period - Deflect By Derick Brassard.
16:34 of 3rd period - Stopped by Chris Driedger with a rebound.
16:48 of 3rd period - Christian Wolanin is hit by Mike Reilly and loses puck.
17:14 of 3rd period - Off-side.
17:15 of 3rd period - Josh Bailey wins face-off versus Jansen Harkins in neutral zone.
17:18 of 3rd period - Snap shot by Mike Hoffman.
17:18 of 3rd period - Stopped by Jack Campbell without a rebound.
17:19 of 3rd period - Josh Bailey wins face-off versus Vladislav Namestnikov in Lightning zone.
17:20 of 3rd period - Snap shot by Mike Hoffman.
17:20 of 3rd period - Stopped by Jack Campbell without a rebound.
17:21 of 3rd period - Josh Bailey wins face-off versus Vladislav Namestnikov in Lightning zone.
17:24 of 3rd period - Snap shot by Brock McGinn.
17:24 of 3rd period - Shot Blocked by Alex Goligoski.
17:59 of 3rd period - Snap shot by Nicklas Backstrom.
17:59 of 3rd period - Stopped by Jack Campbell with a rebound.
18:13 of 3rd period - Wrist shot by Patric Hornqvist.
18:13 of 3rd period - Stopped by Chris Driedger with a rebound.
18:55 of 3rd period - Vladislav Namestnikov is hit by Christian Wolanin and loses puck.
19:04 of 3rd period - Josh Archibald is hit by Andrej Sustr and loses puck.
19:29 of 3rd period - Slapshot by David Krejci.
19:29 of 3rd period - Stopped by Chris Driedger with a rebound.
19:31 of 3rd period - Wrist shot by Stefan Noesen.
19:31 of 3rd period - Stopped by Chris Driedger with a rebound.
19:37 of 3rd period - Minor Penalty to Nicolas Meloche for High sticking.
19:38 of 3rd period - Josh Bailey wins face-off versus Vladislav Namestnikov in Islanders zone.
19:53 of 3rd period - Slapshot by Brock McGinn.
19:53 of 3rd period - Shot Blocked by Alex Goligoski.
Goals for this period are 0 for Lightning vs 1 for Islanders.
Shots for this period are 14 for Lightning vs 11 for Islanders.